 Dungeon Crawl Stone Soup version 0.26-a0-1139-g7d2dc893a1 (webtiles) character file.

Game seed: 9137237960786879210

2 katjes the Conjurer (level 1, -2/14 HPs)
             Began as a Draconian Conjurer on Dec 22, 2020.
             Slain by a jackal (3 damage)
             ... on level 1 of the Dungeon.
             The game lasted 00:01:33 (102 turns).

katjes the Conjurer (Draconian Conjurer)             Turns: 102, Time: 00:01:33

Health: -2/14      AC:  4    Str:  9    XL:     1   Next: 25%
Magic:  3/3        EV: 12    Int: 18    God:
Gold:   0          SH:  0    Dex:  9    Spells: 3/4 levels left

rFire    . . .     SeeInvis .   (no weapon)
rCold    . . .     Faith    .   (no shield)
rNeg     . . .     Spirit   .   (armour unavailable)
rPois    .         Reflect  .   (helmet restricted)
rElec    .         Harm     .   (no cloak)
rCorr    .         Rampage  .   (no gloves)
Will     .....                  (no boots)
Stlth    ++........             (no amulet)
HPRegen  0.04/turn              (no ring)
MPRegen  0.08/turn              (no ring)

@: no status effects
A: unfitting armour, cold-blooded, AC +4
a: no special abilities


You were on level 1 of the Dungeon.
You visited 1 branch of the dungeon, and saw 1 of its levels.

Inventory:

Jewellery
 c - an uncursed ring of protection from cold {unknown}
Scrolls
 a - a scroll of remove curse {unknown}
Potions
 b - a potion of degeneration {unknown}


   Skills:
 + Level 1.8 Dodging
 + Level 1.7 Stealth
 + Level 2.0 Spellcasting
 + Level 4.0 Conjurations


You had 3 spell levels left.
You knew the following spells:

 Your Spells              Type           Power        Failure   Level
a - Magic Dart            Conj           64%          3%          1

Your spell library contained the following spells:

 Spells                   Type           Power        Failure   Level
 Searing Ray              Conj           32%          5%          2
 Dazzling Flash           Conj/Hex       18%          24%         3
 Fulminant Prism          Conj/Hex       4%           61%         4
 Iskenderun's Mystic Bla  Conj/Tloc      9%           61%         4


Dungeon Overview and Level Annotations

Branches:
Dungeon (1/15)

Altars:


Innate Abilities, Weirdness & Mutations

Your plain brown scales are hard. (AC +4)
You cannot fit into any form of body armour.
You are cold-blooded and may be slowed by cold attacks.


Message History

The jackal is almost dead.
The jackal bites you but does no damage.
The kobold hits you but does no damage.
You barely miss the jackal.
The jackal is almost dead.
The jackal bites you but does no damage. x2
The kobold barely misses you. The jackal barely misses you.
The jackal bites you.
* * * LOW HITPOINT WARNING * * *
The jackal closely misses you.
The jackal bites you but does no damage.
You closely miss the jackal. The jackal barely misses you.
The jackal bites you but does no damage.
The kobold hits you with a +0 short sword.
* * * LOW HITPOINT WARNING * * *
The kobold barely misses you.
The jackal bites you but does no damage.
The jackal closely misses you. The jackal bites you.
You die...

#. #.###.#
.##.#####.# .##
.........##...#
#.###......# #
#...#...##...#
#.###...#.#######
#....$..†.†h.#
##.#......Kh.#######
#.......#@.......
#.........#######
#.#.##..#.#
#.#.##..#.#
..?.....#.#
.#.#.#......
#....$......# ###
#.#.#.###


You could see 2 jackals and a kobold.

Vanquished Creatures
  A bat (D:1)
  A frilled lizard (D:1)
  A rat (D:1)
3 creatures vanquished.

Notes
Turn   | Place    | Note
-------+----------+-------------------------------------------
     0 | D:1      | katjes the Draconian Conjurer began the quest for the Orb.
     0 | D:1      | Reached XP level 1. HP: 14/14 MP: 3/3
   102 | D:1      | Slain by a jackal

Illustrated notes

Levels and vault maps discovered:
D:1:      ncdulo_watergridlock, layout_loops_ring, moated_statue

Action                   || total
-------------------------++-------
Melee: Unarmed           ||    26
       Tailslap          ||     5
Armor: Skin              ||    21
Dodge: Dodged            ||    48

Table legend: (Time is in decaauts)
 A = Elapsed time spent in this place.
 B = Non-inter-level travel time spent in this place.
 C = Inter-level travel time spent in this place.
 D = Time resting spent in this place.
 E = Time spent auto-exploring this place.
 F = Levels seen in this place.
 G = Mean time per level.
                   A        B        C        D        E       F      G
               +--------+--------+--------+--------+--------+-----+--------+
         Total |    105 |    105 |      0 |     17 |      0 |   1 |  105.0 |
       Dungeon |    105 |    105 |      0 |     17 |      0 |   1 |  105.0 |
               +--------+--------+--------+--------+--------+-----+--------+

Top non-repeatable levels by time:
     D:1: 105 daAuts
